 Dungeon Crawl Stone Soup version 0.31-a0-300-g4ac5daa9c1 (webtiles) character file.

Game seed: 3934346926492660077

22225 mopl the Martial Artist (level 12, -2/84 HPs)
             Began as an Octopode Shapeshifter on July 15, 2023.
             Was the Champion of Uskayaw.
             Slain by a basilisk (18 damage)
             ... on level 3 of the Lair of Beasts on July 16, 2023.
             The game lasted 00:19:35 (11375 turns).

mopl the Martial Artist (Octopode Shapeshifter)    Turns: 11375, Time: 00:19:36

Health: -2/84      AC:  3    Str: 14    XL:     12   Next: 98%
Magic:  15/18      EV: 20    Int: 18    God:    Uskayaw [******]
Gold:   836        SH:  0    Dex: 22    Spells: 11/11 levels left

rFire   . .          .
                       - Unarmed
rCold   . . .        (shield currently unavailable)
rNeg    . . .        R - +2 hat {Will+}
rPois   .            w - amulet of regeneration
rElec   .            J - +6 ring of dexterity
rCorr   .            Q - +6 ring of intelligence
SInv    .            (no ring)
Will    +....        (no ring)
Stlth   +++          (no ring)
HPRegen 1.14/turn    (no ring)
MPRegen 0.16/turn    (no ring)
                     (no ring)

%: no passive effects
@: blade tentacles
A: almost no armour, amphibious, 8 rings, camouflage 1, gelatinous body 1,
(nimble swimmer 1), tentacles
a: Begin Untransformation, Renounce Religion, Stomp, Line Pass, Grand Finale


You were on level 3 of the Lair of Beasts.
You worshipped Uskayaw.
Uskayaw was aware of your devotion.
You had blades for main tentacles.
You visited 2 branches of the dungeon, and saw 14 of its levels.

You collected 836 gold pieces.

Inventory:

Hand Weapons
 P - the +7 war axe "Beetlebane" {flame, rPois}
   (You found it on level 2 of the Lair of Beasts)

   rPois:     It protects you from poison.
Missiles
 h - a throwing net
 m - 14 poisoned darts
 s - 17 boomerangs
 t - 3 silver boomerangs
 u - 13 javelins
 I - 5 datura-tipped darts
Armour
 q - an orb of wrath
 R - a +2 hat of willpower (worn)
Jewellery
 w - an amulet of regeneration (around mantle)
 G - an amulet of magic regeneration
 J - a +6 ring of dexterity (left blade tentacle)
 N - a ring of wizardry
 Q - a +6 ring of intelligence (right blade tentacle)
Talismans
 b - a beast talisman
 K - a blade talisman
 M - a serpent talisman
Wands
 r - a wand of flame (5)
 F - a wand of polymorph (4)
Scrolls
 c - 3 scrolls of fear {unknown}
 d - 3 scrolls of poison {unknown}
 f - 2 scrolls of blinking {unknown}
 i - 7 scrolls of teleportation {unknown}
 j - 5 scrolls of immolation {unknown}
 k - a scroll of brand weapon {unknown}
 l - 2 scrolls of revelation {unknown}
 n - a scroll of silence {!r}
 v - 2 scrolls of enchant armour {unknown}
 x - a scroll of torment {!r}
 y - 2 scrolls of amnesia {unknown}
 A - a scroll of fog
 H - 2 scrolls of vulnerability
 L - a scroll of enchant weapon
Potions
 a - a potion of lignification {!q}
 e - 3 potions of brilliance
 g - 3 potions of curing
 o - 3 potions of invisibility
 p - 4 potions of might
 z - 3 potions of magic
 B - a potion of resistance
 C - a potion of haste
 D - 2 potions of cancellation
 E - a potion of heal wounds
 O - a potion of enlightenment


   Skills:
 + Level 8.6 Fighting
 + Level 8.7 Dodging
 * Level 11.7 Unarmed Combat
 + Level 8.1 Invocations
 * Level 10.3 Shapeshifting


You had 11 spell levels left.
You didn't know any spells.
Your spell library contained the following spells:

 Spells                   Type           Power      Damage    Failure   Level
 Magic Dart               Conj           0%         1d3       65%         1
 Ensorcelled Hibernation  Hex/Ice        0%         N/A       75%         2
 Poisonous Vapours        Pois/Air       0%         N/A       75%         2
 Searing Ray              Conj           0%         2d4       75%         2
 Sublimation of Blood     Necr           0%         N/A       75%         2
 Wereblood                Tmut           0%         N/A       75%         2
 Call Canine Familiar     Summ           0%         N/A       89%         3
 Mephitic Cloud           Conj/Pois/Air  0%         N/A       89%         3
 Portal Projectile        Hex/Tloc       0%         N/A       89%         3
 Anguish                  Hex/Necr       0%         N/A       99%         4
 Fulminant Prism          Conj/Hex       0%         3d5       99%         4
 Leda's Liquefaction      Hex/Erth       0%         N/A       99%         4
 Petrify                  Tmut/Erth      0%         N/A       99%         4
 Summon Ice Beast         Ice/Summ       0%         N/A       99%         4
 Freezing Cloud           Conj/Ice/Air   0%         6-21      100%        5
 Irradiate                Conj/Tmut      0%         3d11      100%        5
 Summon Mana Viper        Hex/Summ       0%         N/A       100%        5
 Monstrous Menagerie      Summ           0%         N/A       100%        7


Dungeon Overview and Level Annotations

Branches:
Dungeon (11/15)            Temple (0/1) D:6            Lair (3/5) D:11
    Orc (0/2) D:11
  Swamp: Lair:2-3    Shoals: Lair:2-3     Snake: Lair:2-3    Spider: Lair:2-3

Altars:
Ashenzari
Dithmenos
Makhleb
Trog
Uskayaw

Annotations:
D:8 exclusion: orange demon, Amaemon
Lair:2 3 runed translucent doors, Jano's ghost, journeyman OpSh


Innate Abilities, Weirdness & Mutations

You have blades for main tentacles.
Your spellcasting is less reliable in this form.
You are incapable of wielding weapons or throwing items.
You cannot wear most types of armour.
You are amphibious.
You can wear up to eight rings at the same time.
Your skin changes colour to match your surroundings (Stealth+).
Your rubbery body absorbs attacks. (AC +1, EV +1)
((You are camouflaged when in or above water. (Stealth+)))
You have tentacles for arms and can constrict up to eight enemies at once.


Message History

Unknown command.
You closely miss the killer bee. Your grab misses the killer bee.
The wolf bites you but does no damage. The killer bee misses you.
Unknown command.
You slash the killer bee! Your grab misses the killer bee.
Your slash misses the killer bee. Your squeeze misses the killer bee.
The killer bee is heavily wounded.
The wolf barely misses you. The killer bee closely misses you.
The killer bee completely misses you.
Unknown command.
You stomp with the beat, sending a shockwave through the revellers around you!
You kill the killer bee!
The wolf is heavily wounded.
The killer bee is heavily wounded.
The wolf closely misses you. The killer bee closely misses you.
The wolf closely misses you.
The killer bee stings you but does no damage.
Unknown command.
Unknown command.
Unknown command.
You hit the killer bee but do no damage.
Your grab misses the killer bee. You squeeze the killer bee!
The killer bee is almost dead.
The wolf bites you.
* * * LOW HITPOINT WARNING * * *
The killer bee completely misses you.
Uskayaw prepares the audience for your solo!
The helpless killer bee fails to defend itself.
You slice the killer bee!!
You kill the killer bee!
Unknown command.
The helpless wolf fails to defend itself.
You slash the wolf!
You kill the wolf!
Unknown command.
You completely miss the basilisk. You grab the basilisk.
You slash the basilisk.
The basilisk is lightly wounded.
You constrict the basilisk, but do no damage.
The killer bee is no longer paralysed.
The basilisk bites you!!
You die...

####.....# #.........# #.#
#........# ##........# ###
#.......## #.........### #
#.......# #.........#.##.
P.......## ##.............
.........# #..............
.........# ##.............
#........####h...h........
P.......†@##†##.##.#.##.##
#.......l#y.#..#.y#.#..#..
#.......#.##Y##.##.#.##.##
#..#.#.#.#............ ..
#.#.#.#.#.....D....#..# #
#.#.#.#....#.#...## ..
.#.#.y.........#.r #.
#.#.....#.#...## .
.#....#..#l.#.y


You could see a yak, a basilisk, a steam dragon (paralysed) and a killer bee.

Vanquished Creatures
  Gastronok (Lair:2)
  A centaur warrior (D:10)
  3 two-headed ogres
  A boulder beetle (Lair:1)
  A skyshark (Lair:1)
  A black mamba (Lair:1)
  5 cane toads
  An unseen horror (D:10)
  5 komodo dragons
  2 trolls
  9 blink frogs
  Prince Ribbit (D:7)
  Sigmund (D:2)
  A shadow (D:11)
  4 wyverns
  2 culicivoras (Lair:3)
  A vampire (D:10)
  25 yaks
  3 basilisks (Lair:3)
  A steam dragon (D:10)
  3 wargs (D:10)
  Duvessa (D:4)
  4 water moccasins
  An acid dragon (D:11)
  7 orc warriors
  2 ice beasts
  A sky beast (D:6)
  2 black bears
  An ogre (D:4)
  5 centaurs
  10 wolves
  A phantom (D:7)
  11 bullfrogs
  3 wights (D:8)
  Dowan (D:4)
  23 killer bees (Lair:3)
  3 howler monkeys
  7 orc priests
  6 hounds
  3 jellies
  2 gnoll boudas (D:9)
  Crazy Yiuf (D:2)
  An iguana (D:5)
  Ijyb (D:3)
  12 orc wizards
  A hell rat (Lair:3)
  4 adders
  15 gnolls
  A river rat (Lair:3)
  An ufetubus (D:4)
  2 worms
  3 dart slugs
  50 orcs
  8 endoplasms
  3 giant cockroaches
  13 goblins
  13 hobgoblins
  8 jackals (D:4)
  7 kobolds
  3 quokkas
  6 ball pythons
  5 bats
  4 frilled lizards
  7 rats
335 creatures vanquished.

Notes
Turn   | Place    | Note
-------+----------+-------------------------------------------
     0 | D:1      | mopl the Octopode Shapeshifter began the quest for the Orb.
     0 | D:1      | Reached XP level 1. HP: 14/14 MP: 1/1
   118 | D:1      | Reached XP level 2. HP: 18/19 MP: 2/2
   776 | D:1      | Found a faded altar of an unknown god.
  1015 | D:2      | Reached XP level 3. HP: 16/25 MP: 3/3
  1163 | D:2      | You fall into a shaft and drop 1 floor!
  1477 | D:2      | Noticed Sigmund
  1482 | D:2      | Killed Sigmund
  1483 | D:2      | Reached skill level 3 in Unarmed Combat
  1483 | D:2      | Reached skill level 4 in Shapeshifting
  1483 | D:2      | Reached XP level 4. HP: 30/30 MP: 4/4
  1483 | D:2      | Reached XP level 5. HP: 36/36 MP: 5/5
  1486 | D:2      | Found a runed translucent door.
  1487 | D:2      | Noticed Crazy Yiuf
  1493 | D:2      | Killed Crazy Yiuf
  1494 | D:2      | Reached skill level 3 in Fighting
  1494 | D:2      | Reached skill level 3 in Dodging
  1494 | D:2      | Reached XP level 6. HP: 33/42 MP: 6/6
  1855 | D:3      | Noticed Ijyb
  1863 | D:3      | Reached skill level 4 in Unarmed Combat
  1868 | D:3      | Killed Ijyb
  2249 | D:4      | Noticed Duvessa
  2249 | D:4      | Noticed Dowan
  2259 | D:4      | Killed Duvessa
  2260 | D:4      | Reached XP level 7. HP: 46/46 MP: 7/7
  2263 | D:4      | Killed Dowan
  2663 | D:4      | Found a burning altar of Makhleb.
  2664 | D:4      | Found a hide-covered altar of Uskayaw.
  2676 | D:4      | Reached skill level 5 in Unarmed Combat
  2689 | D:4      | Became a worshipper of Uskayaw the Reveller
  2748 | D:4      | Reached * piety under Uskayaw
  2878 | D:4      | Reached ** piety under Uskayaw
  2884 | D:4      | Reached *** piety under Uskayaw
  2886 | D:4      | Reached **** piety under Uskayaw
  3057 | D:5      | Entered Level 5 of the Dungeon
  3066 | D:5      | Reached skill level 5 in Shapeshifting
  3134 | D:5      | Reached skill level 1 in Invocations
  3134 | D:5      | Reached XP level 8. HP: 54/54 MP: 8/8
  3199 | D:5      | Reached skill level 4 in Dodging
  3328 | D:5      | Reached skill level 4 in Fighting
  4234 | D:6      | Found a staircase to the Ecumenical Temple.
  4248 | D:6      | Reached skill level 2 in Invocations
  4372 | D:6      | HP: 1/54 [something/magic dart (7)]
  4379 | D:6      | Reached skill level 6 in Unarmed Combat
  4404 | D:6      | Reached ***** piety under Uskayaw
  5184 | D:7      | Reached XP level 9. HP: 59/59 MP: 11/11
  5188 | D:7      | Reached skill level 6 in Shapeshifting
  5210 | D:7      | Reached skill level 3 in Invocations
  5490 | D:7      | Found a broken altar of Ashenzari.
  5536 | D:7      | Reached skill level 5 in Dodging
  5561 | D:7      | Noticed Prince Ribbit
  5568 | D:7      | Killed Prince Ribbit
  5569 | D:7      | Reached skill level 5 in Fighting
  6038 | D:8      | Reached skill level 7 in Unarmed Combat
  6156 | D:8      | Noticed Amaemon
  6476 | D:8      | Found a bloodstained altar of Trog.
  6999 | D:8      | Noticed an orange demon
  7135 | D:9      | Reached skill level 4 in Invocations
  7310 | D:9      | Reached skill level 7 in Shapeshifting
  7310 | D:9      | Reached XP level 10. HP: 16/68 MP: 13/13
  7382 | D:9      | Found a shadowy altar of Dithmenos.
  7408 | D:9      | Noticed a two-headed ogre
  7483 | D:9      | Killed a two-headed ogre
  7484 | D:9      | Reached skill level 6 in Fighting
  7484 | D:9      | Reached skill level 6 in Dodging
  7484 | D:9      | Reached skill level 8 in Unarmed Combat
  7584 | D:9      | Upgraded the game from 0.31-a0-277-g31ea1f65cc to
                  | 0.31-a0-300-g4ac5daa9c1
  7853 | D:10     | Entered Level 10 of the Dungeon
  7951 | D:10     | Reached skill level 5 in Invocations
  8036 | D:10     | Noticed a centaur warrior
  8052 | D:10     | Killed a centaur warrior
  8292 | D:10     | Reached skill level 9 in Unarmed Combat
  8358 | D:10     | Noticed a two-headed ogre
  8376 | D:10     | Reached skill level 8 in Shapeshifting
  8393 | D:10     | Killed a two-headed ogre
  8394 | D:10     | Reached XP level 11. HP: 34/74 MP: 10/15
  8731 | D:11     | Found a staircase to the Lair.
  8909 | D:11     | Reached skill level 6 in Invocations
  8919 | D:11     | Reached skill level 7 in Dodging
  9022 | D:11     | Found a staircase to the Orcish Mines.
  9032 | D:11     | Reached skill level 7 in Fighting
  9062 | D:11     | Noticed a two-headed ogre
  9071 | D:11     | Killed a two-headed ogre
  9456 | Lair:1   | Entered Level 1 of the Lair of Beasts
  9507 | Lair:1   | Noticed a boulder beetle
  9521 | Lair:1   | Killed a boulder beetle
  9522 | Lair:1   | Reached skill level 10 in Unarmed Combat
  9603 | Lair:1   | Reached skill level 9 in Shapeshifting
  9639 | Lair:1   | Noticed a skyshark
  9658 | Lair:1   | Killed a skyshark
  9828 | Lair:1   | Reached skill level 7 in Invocations
  9828 | Lair:1   | Reached XP level 12. HP: 82/82 MP: 17/17
 10181 | Lair:2   | Identified the +7 war axe "Beetlebane" {flame, rPois}
 10521 | Lair:2   | Reached skill level 8 in Dodging
 10529 | Lair:2   | Noticed Gastronok
 10546 | Lair:2   | Killed Gastronok
 10547 | Lair:2   | Reached skill level 8 in Fighting
 10547 | Lair:2   | Reached skill level 11 in Unarmed Combat
 10715 | Lair:2   | Found a runed translucent gate.
 10715 | Lair:2   | Found a runed translucent gate.
 10716 | Lair:2   | Found a runed translucent gate.
 10718 | Lair:2   | Noticed Jano's ghost (journeyman OpSh)
 10719 | Lair:2   | Noticed a nine-headed hydra
 10973 | Lair:3   | Reached ****** piety under Uskayaw
 11199 | Lair:3   | Reached skill level 10 in Shapeshifting
 11334 | Lair:3   | Reached skill level 8 in Invocations
 11375 | Lair:3   | Slain by a basilisk

Illustrated notes

Levels and vault maps discovered:
D:1:      lightli_arrival_chessboard, layout_basic,
          shapermc_ecumenical_altar_ellora
D:2:      layout_loops_cross, kennysheep_generic_room_12,
          uniq_crazy_yiuf_cottage, uniq_sigmund
D:3:      layout_loops_cross, minmay_misc_feat_room, uniq_ijyb
D:4:      layout_layer_cave, gammafunk_temple_overflow_pools, uniq_duvessa
D:5:      layout_basic
D:6:      corexii_shantytown, layout_basic, minmay_temple_entry_large_hall,
          chequers_decorated_corner, nrook_pool_corridor
D:7:      layout_gridville, nicolae_ashenzari_skybound, minivault_11,
          uniq_prince_ribbit1
D:8:      layout_basic, trog_hazing_becter, uniq_amaemon
D:9:      layout_cave_pods, nicolae_dithmenos_through_a_glass_darkly,
          minmay_misc_feat_roman
D:10:     layout_irregular_city
D:11:     layout_rooms, erik_lair_orcish_takeover, david_orc_2, serial_glass,
          glass_columns_b, glass_columns_c
Lair:1:   layout_roguey
Lair:2:   layout_gridlike, gammafunk_ghost_hydra_chop, uniq_gastronok
Lair:3:   hangedman_what_comes_after_a, layout_small_grid,
          minmay_shoals_entry_hut, hellmonk_spider_entry_life_and_decay

Skill      XL: |  1  2  3  4  5  6  7  8  9 10 11 12 |
---------------+-------------------------------------+-----
Unarmed Combat | 3 4 5 6 7 9 10 11 | 11.7
Shapeshifting  | 4 5 7 8 9 10 | 10.3
Fighting       | 3 4 5 6 7 8 |  8.6
Dodging        | 3 4 5 6 7 8 |  8.7
Invocations    | 1 2 4 5 7 8 |  8.1

Action                     |  1- 3 |  4- 6 |  7- 9 | 10-12 || total
---------------------------+-------+-------+-------+-------++-------
  Melee: Unarmed           |    61 |    48 |   271 |   427 ||   807
         Constrict         |    23 |    16 |    63 |    80 ||   182
         Tentacles         |    18 |    10 |    66 |    60 ||   154
         Punch             |       |     4 |    18 |    22 ||    44
  Throw: Dart              |       |       |       |     7 ||     7
 Invoke: Stomp             |       |       |     1 |     1 ||     2
         Line Pass         |       |       |       |     5 ||     5
Ability: Begin Untransform |       |       |       |     2 ||     2
    Use: Potion            |       |       |     3 |     1 ||     4
         Scroll            |       |       |       |    14 ||    14
   Stab: Sleeping          |     7 |     3 |    10 |     2 ||    22
         Paralysed         |       |       |    14 |    35 ||    49
         Confused          |       |       |       |     1 ||     1
 Armour: Skin              |     3 |     1 |    19 |    74 ||    97
  Dodge: Dodged            |    30 |    23 |   157 |   300 ||   510
   Form: Blade             |       |       |     1 |     1 ||     2
         Beast             |       |       |       |     1 ||     1
         Anaconda          |       |       |       |     2 ||     2

Table legend: (Time is in decaauts)
 A = Elapsed time spent in this place.
 B = Non-inter-level travel time spent in this place.
 C = Inter-level travel time spent in this place.
 D = Time resting spent in this place.
 E = Time spent auto-exploring this place.
 F = Levels seen in this place.
 G = Mean time per level.
                   A        B        C        D        E       F      G
               +--------+--------+--------+--------+--------+-----+--------+
         Total |  11277 |  10988 |    289 |    823 |   8179 |  14 |  805.5 |
       Dungeon |   9410 |   9164 |    246 |    651 |   6985 |  11 |  855.5 |
          Lair |   1867 |   1824 |     43 |    172 |   1194 |   3 |  622.3 |
               +--------+--------+--------+--------+--------+-----+--------+

Top non-repeatable levels by time:
     D:8: 1150 daAuts
     D:5: 1099 daAuts
    D:10: 1022 daAuts
     D:6: 989 daAuts
     D:1: 834 daAuts
     D:4: 824 daAuts
     D:2: 821 daAuts
  Lair:2: 808 daAuts
     D:7: 767 daAuts
     D:9: 754 daAuts
  Lair:1: 655 daAuts
     D:3: 586 daAuts
    D:11: 558 daAuts
  Lair:3: 403 daAuts
